 Dungeon Crawl Stone Soup version 0.30-a0-359-gd0147acb1a (webtiles) character file.

Game seed: 109442212549484156

247 Bikalo the Stinger (level 5, 18/35 HPs)
             Began as a Demonspawn Venom Mage on Nov 11, 2022.
             Quit the game on level 4 of the Dungeon on Dec 17, 2022.
             The game lasted 00:13:03 (5151 turns).

Bikalo the Stinger (Demonspawn Venom Mage)          Turns: 5151, Time: 00:13:03

Health: 18/35      AC:  4    Str:  9    XL:     5   Next: 85%
Magic:  7/8        EV: 12    Int: 18    God:
Gold:   207        SH:  0    Dex: 13    Spells: 5/8 levels left

rFire   . . .      SeeInvis .    w - +1 dagger (venom)
rCold   . . .      Faith    .    (no shield)
rNeg    . . .      Spirit   .    a - +0 robe
rPois   .          Reflect  .    (helmet unavailable)
rElec   .          Harm     .    (no cloak)
rCorr   .          Rampage  .    (no gloves)
Will    +....                    (no boots)
Stlth   ++........               (no amulet)
HPRegen 0.25/turn                u - ring of willpower
MPRegen 0.11/turn                (no ring)

@: no status effects
A: horns 3, molten scales 1
a: no special abilities


You were on level 4 of the Dungeon.
You visited 1 branch of the dungeon, and saw 4 of its levels.

You collected 207 gold pieces.

Inventory:

Hand Weapons
 g - a +0 short sword
 w - a +1 dagger of venom (weapon)
Missiles
 v - 2 throwing nets
Armour
 a - a +0 robe (worn)
Jewellery
 k - an amulet of the acrobat
 u - a ring of willpower (left hand)
 x - a ring of flight
Scrolls
 d - 3 scrolls of teleportation
 e - a scroll of enchant weapon {unknown}
 f - 6 scrolls of immolation {unknown}
 h - 2 scrolls of identify {unknown}
 l - a scroll of fog {unknown}
 m - a scroll of torment {unknown}
 n - a scroll of vulnerability {unknown}
 y - a scroll of magic mapping {unknown}
Potions
 b - a potion of magic
 c - 3 potions of flight {unknown}
 i - 2 potions of curing {unknown}
 j - a potion of ambrosia {unknown}
 o - a potion of berserk rage {unknown}
 p - 2 potions of resistance {unknown}
 q - 2 potions of lignification {unknown}
 r - 2 potions of haste {unknown}
 s - 2 potions of brilliance {unknown}
 t - a potion of heal wounds {unknown}


   Skills:
 - Level 2.0 Dodging
 - Level 2.0 Stealth
 - Level 2.1 Spellcasting
 - Level 1.1 Transmutations
 * Level 6.3 Poison Magic


You had 5 spell levels left.
You knew the following spells:

 Your Spells              Type           Power      Damage    Failure   Level
a - Sting                 Tmut/Pois      60%        1d6       3%          1
b - Poisonous Vapours     Pois/Air       26%        N/A       8%          2

Your spell library contained the following spells:

 Spells                   Type           Power      Damage    Failure   Level
 Olgreb's Toxic Radiance  Pois           24%        N/A       13%         4
 Mephitic Cloud           Conj/Pois/Air  9%         N/A       22%         3


Dungeon Overview and Level Annotations

Branches:
Dungeon (4/15)
 Temple: D:4-7

Altars:

Shops:
D:2 [


Innate Abilities, Weirdness & Mutations

You have a pair of large horns on your head.
You are partially covered in molten scales. (AC +2)


Message History

Found a scroll labelled JUKADA ZOUSK.
There is an open door here.
Found a stone staircase leading up.
An ufetubus comes into view.
The ufetubus shouts!
The ufetubus attacks as you move away! The ufetubus barely misses you.
The ufetubus hits you but does no damage.
Found a leather armour.
The ufetubus misses you. x2
The ufetubus attacks as you move away! The ufetubus misses you.
The ufetubus closely misses you. The ufetubus hits you.
The ufetubus barely misses you. The ufetubus attacks as you move away!
The ufetubus hits you but does no damage.
The ufetubus hits you. The ufetubus attacks as you move away!
The ufetubus barely misses you. The ufetubus hits you.
The ufetubus hits you but does no damage.
The ufetubus closely misses you. The ufetubus attacks as you move away!
The ufetubus hits you. x2
The ufetubus attacks as you move away! The ufetubus hits you.
The ufetubus barely misses you. The ufetubus hits you.
The ufetubus closely misses you. The ufetubus attacks as you move away!
The ufetubus hits you but does no damage.
The ufetubus hits you. The ufetubus attacks as you move away!
The ufetubus hits you.
The ufetubus hits you but does no damage.
The ufetubus closely misses you. The ufetubus barely misses you.
Welcome back, Bikalo the Demonspawn Venom Mage.
Press ? for a list of commands and other information.
Unknown command.
Unknown command.
Unknown command.
Unknown command.
Unknown command.
Unknown command.
Unknown command.
Unknown command.
Okay, then.
Are you sure you want to abandon this character and quit the game? (Confirm with "yes".)

...#.......#
######.##...
.. #.###...#
#.##... . #.
#..## ...'...
#. #..#
#..##...
#.#.###..#
#..#####
.......g.#
#..# #
#.#.###.##
#..#####
##.g##########
......
#....5@.......
..o...
#...##########
.o... #...#
#####. ......
...... ###...#
####.. #...#
#.# ..... #.#
##... #.# #.#


You could see a gnoll and an ufetubus.

Vanquished Creatures
  A scorpion (D:4)
  2 orc wizards (D:4)
  A gnoll (D:4)
  4 adders
  4 worms
  A dart slug (D:1)
  9 orcs
  9 endoplasms
  A giant cockroach (D:3)
  9 goblins
  5 hobgoblins
  8 jackals
  3 kobolds
  2 quokkas (D:2)
  4 ball pythons
  4 bats
  3 frilled lizards
  A rat (D:2)
71 creatures vanquished.

Vanquished Creatures (others)
  A plant (D:2)
1 creature vanquished.

Grand Total: 72 creatures vanquished

Notes
Turn   | Place    | Note
-------+----------+-------------------------------------------
     0 | D:1      | Bikalo the Demonspawn Venom Mage began the quest for the
                  | Orb.
     0 | D:1      | Reached XP level 1. HP: 13/13 MP: 3/3
    63 | D:1      | Reached skill level 1 in Transmutations
   556 | D:1      | Gained mutation: You have a pair of small horns on your
                  | head. [demonic ancestry]
   556 | D:1      | Reached XP level 2. HP: 18/19 MP: 1/5
  1495 | D:2      | Learned a level 2 spell: Poisonous Vapours
  1968 | D:2      | Gained mutation: You have a pair of horns on your head.
                  | [demonic ancestry]
  1968 | D:2      | Reached XP level 3. HP: 18/24 MP: 4/6
  2076 | D:2      | Found Yggamuk's Antique Armour Shoppe.
  2114 | D:2      | Reached skill level 4 in Poison Magic
  2218 | D:2      | Found a faded altar of an unknown god.
  2829 | D:2      | Upgraded the game from 0.30-a0-358-g0d69a1922f to
                  | 0.30-a0-359-gd0147acb1a
  3416 | D:3      | Gained mutation: You have a pair of large horns on your
                  | head. [demonic ancestry]
  3416 | D:3      | Reached XP level 4. HP: 30/30 MP: 0/7
  3840 | D:3      | Reached skill level 5 in Poison Magic
  4568 | D:4      | Gained mutation: You are partially covered in molten
                  | scales. (AC +2) [demonic ancestry]
  4568 | D:4      | Reached XP level 5. HP: 23/35 MP: 1/8
  4909 | D:4      | Reached skill level 6 in Poison Magic
  5151 | D:4      | Quit the game

Illustrated notes

Levels and vault maps discovered:
D:1:      dpeg_arrival_tiny_f, layout_loops_corners, serial_co_window_serial,
          co_window_cross_1, co_window_corner_a, co_window_paths_b,
          co_window_paths_a, co_window_of_opportunity_a,
          co_window_of_opportunity_c, co_window_broadway_b,
          co_window_unsneaky_path_d, co_window_paths_d, co_window_sun,
          glass_columns_a, glass_columns_a, glass_columns_b, glass_columns_a,
          grunt_decor_fettered
D:2:      layout_loops_corners, shapermc_ecumenical_altar_petra, serial_shops,
          nicolae_shop_hallway_stairs
D:3:      layout_loops_ring, minmay_circle_x
D:4:      layout_basic

Skill      XL: |  1  2  3  4  5 |
---------------+----------------+-----
Transmutations | 1 |  1.1
Stealth        | 2 |  2.0
Dodging        | 2 |  2.0
Poison Magic   | 4 5 6 |  6.3
Spellcasting   | |  2.1

Action                   |  1- 3 |  4- 6 || total
-------------------------+-------+-------++-------
Melee: Unarmed           |    20 |       ||    20
       Short sword       |    55 |    16 ||    71
       Headbutt          |    12 |     4 ||    16
       Dagger            |       |    20 ||    20
       Punch             |       |     1 ||     1
 Cast: Sting             |    58 |    42 ||   100
       Poisonous Vapours |    15 |    17 ||    32
  Use: Scroll            |       |     1 ||     1
Armor: Robe              |    12 |     6 ||    18
Dodge: Dodged            |    71 |    49 ||   120

Table legend: (Time is in decaauts)
 A = Elapsed time spent in this place.
 B = Non-inter-level travel time spent in this place.
 C = Inter-level travel time spent in this place.
 D = Time resting spent in this place.
 E = Time spent auto-exploring this place.
 F = Levels seen in this place.
 G = Mean time per level.
                   A        B        C        D        E       F      G
               +--------+--------+--------+--------+--------+-----+--------+
         Total |   5150 |   4680 |    470 |    270 |   3609 |   4 | 1287.5 |
       Dungeon |   5150 |   4680 |    470 |    270 |   3609 |   4 | 1287.5 |
               +--------+--------+--------+--------+--------+-----+--------+

Top non-repeatable levels by time:
     D:2: 1772 daAuts
     D:1: 1479 daAuts
     D:3: 1013 daAuts
     D:4: 884 daAuts
